Map: Lerilak Crest

Players

Guru

  • Race: Zerg Zerg
  • League: Grandmaster

dTefel (Tefel) - Winner!

  • Race: Zerg Zerg
  • League: Grandmaster

Event: Corsair Cup 14

VOD

https://www.youtube.com/watch?v=poWiTCOmuGs

Description

Time

  • Played on: March 21, 2016, 2:37 p.m.
  • Length: 10:30

All games in this series

Show
View Real Time Build Order
Export as new Build Order

Guru Zerg 

Build Orders: Pool First 

Get SALT Encoding   

  12  0:01  Drone  
  13  0:12  Drone  
  14  0:18  Extractor  
  14  0:19  Drone  
  14  0:33  Spawning Pool  
  13  0:36  Drone  
  14  0:43  Overlord  
  14  0:52  Extractor, Drone  
  15  1:02  Drone  
  16  1:19  Queen  
  16  1:20  Metabolic Boost  
  16  1:22  Zergling x2  
  19  1:26  Zergling x2  
  19  1:30  Zergling x2  
  21  1:34  Zergling x2  
  22  1:55  Hatchery  
  21  2:02  Overlord  
  21  2:06  Zergling x2  
  22  2:23  Zergling x2  
  22  2:27  Zergling x4  
  25  2:30  Zergling x4  
  25  2:35  Queen  
  28  2:37  Zergling x2  
  29  2:44  Overlord  
  25  3:10  Drone  
  24  3:13  Drone  
  24  3:14  Drone x4  
  29  3:21  Overlord  
  29  3:24  Drone  
  27  3:29  Drone  
  27  3:43  Baneling Nest  
  27  3:46  Drone x5  
  27  3:47  Drone  
  32  3:49  Zergling x2  
  32  3:51  Zergling x2  
  32  3:54  Zergling x2  
  35  4:01  Overlord  
  35  4:02  Drone  
  36  4:04  Drone  
  37  4:16  Drone x3  
  40  4:25  Hatchery  
  40  4:29  Drone x2  
  40  4:31  Drone  
  41  4:33  Drone  
  42  4:39  Drone x2  
  42  4:41  Evolution Chamber  
  43  4:46  Drone  
  43  4:50  Queen  
  43  4:51  Extractor, Drone x2  
  47  4:53  Drone  
  47  4:55  Baneling  
  47  4:57  Zergling x2  
  49  5:08  Roach Warren  
  49  5:09  Zerg Missile Weapons Level 1  
  49  5:11  Drone  
  49  5:15  Overlord  
  49  5:17  Drone  
  49  5:20  Drone x5  
  55  5:27  Overlord  
  55  5:28  Overlord  
  54  5:41  Drone  
  55  5:46  Drone  
  55  5:49  Drone  
  56  5:52  Drone  
  56  5:54  Roach  
  56  5:55  Roach x5  
  68  5:58  Roach x3  
  68  6:00  Roach  
  68  6:02  Roach x2  
  68  6:04  Spine Crawler  
  79  6:10  Roach  
  81  6:12  Roach  
  81  6:14  Roach  
  81  6:15  Ravager  
  86  6:19  Roach  
  86  6:20  Overlord x2  
  86  6:22  Zergling x2  
  89  6:28  Zergling x2  
  89  6:29  Overlord  
  89  6:32  Overlord  
  90  6:36  Overlord  
  90  6:37  Overlord  
  90  6:39  Roach  
  96  6:40  Roach x2  
  96  6:41  Roach  
  97  6:52  Roach  
  97  6:53  Roach  
  97  6:54  Roach  
  99  7:02  Roach x2  
  94  7:14  Roach  
  77  7:16  Roach  
  77  7:18  Drone x2  
  77  7:21  Drone  
  74  7:22  Drone  
  74  7:28  Drone  
  71  7:31  Queen  
  71  7:33  Drone  
  71  7:34  Extractor  
  73  7:38  Drone  
  73  7:43  Hatchery, Drone  
  74  7:48  Extractor x2  
  74  7:51  Spine Crawler, Roach  
  73  7:53  Spine Crawler  
  73  7:54  Ravager  
  73  7:58  Roach  
  77  8:05  Roach x2  
  72  8:10  Roach  
  74  8:14  Extractor x2  
  74  8:15  Queen  
  74  8:16  Roach  
  76  8:22  Roach  
  80  8:27  Roach  
  80  8:34  Lair  
  80  8:38  Roach  
  82  8:42  Drone x2  
  82  8:46  Drone  
  82  8:47  Overlord  
  86  8:48  Drone x2  
  86  8:50  Roach x3  
  86  8:51  Queen  
  86  8:55  Roach x2  
  99  9:03  Ravager  
  99  9:04  Ravager  
  99  9:05  Drone  
  99  9:07  Roach x2  
  106  9:12  Drone  
  107  9:18  Roach x2  
  107  9:23  Roach x2  
  115  9:26  Roach x3  
  113  9:31  Roach  
  113  9:37  Drone x2  
  117  9:41  Overlord  
  117  9:51  Overlord  
  111  10:03  Roach x2  
  93  10:09  Roach x2  
Show
View Real Time Build Order
Export as new Build Order

dTefel Zerg - Winner!

Build Orders: Pool First 

Get SALT Encoding   

  12  0:00  Drone  
  13  0:08  Drone  
  14  0:16  Overlord  
  14  0:22  Extractor  
  14  0:23  Drone  
  15  0:35  Drone x2  
  17  0:45  Spawning Pool  
  17  0:48  Drone  
  17  1:09  Hatchery  
  16  1:11  Drone  
  16  1:14  Extractor  
  16  1:16  Drone  
  17  1:20  Drone  
  18  1:31  Queen  
  20  1:34  Zergling x2  
  21  1:41  Overlord  
  21  1:50  Drone  
  22  2:06  Baneling Nest  
  22  2:07  Zergling x2, Queen  
  24  2:09  Zergling x2  
  25  2:20  Zergling x2  
  25  2:22  Zergling x2  
  27  2:32  Zergling x4  
  27  2:35  Spine Crawler  
  28  2:39  Zergling x2  
  28  2:42  Drone  
  30  2:50  Drone x2  
  32  2:52  Baneling  
  32  2:53  Baneling  
  31  3:01  Drone  
  31  3:02  Zergling x2  
  31  3:04  Zergling x2  
  26  3:13  Drone x2  
  26  3:15  Drone  
  26  3:16  Baneling  
  29  3:22  Drone x2  
  31  3:28  Drone  
  31  3:31  Metabolic Boost  
  32  3:40  Queen  
  34  3:42  Drone  
  34  3:43  Drone  
  36  3:49  Overlord  
  36  4:07  Drone x3  
  36  4:08  Hatchery  
  36  4:09  Drone  
  39  4:11  Drone  
  39  4:13  Drone  
  41  4:18  Drone x2  
  41  4:22  Overlord  
  43  4:26  Drone  
  43  4:29  Extractor, Overlord  
  43  4:39  Overlord, Roach Warren  
  43  4:42  Drone x2  
  44  4:47  Overlord  
  44  4:49  Drone x2  
  44  4:51  Extractor  
  45  4:53  Overlord  
  45  4:54  Drone  
  46  5:04  Overlord  
  45  5:17  Drone x2  
  45  5:19  Roach  
  45  5:20  Roach x4  
  57  5:26  Roach x4  
  67  5:28  Roach  
  67  5:32  Roach  
  69  5:36  Roach x2  
  69  5:41  Roach  
  69  5:42  Roach  
  77  5:49  Roach x2  
  80  5:53  Roach x2  
  84  5:57  Overlord  
  84  5:58  Overlord  
  84  6:01  Roach  
  86  6:07  Zergling x8  
  86  6:09  Baneling  
  90  6:11  Overlord  
  90  6:17  Ravager x4  
  90  6:18  Zergling x4  
  95  6:20  Zergling x2  
  95  6:21  Zergling x2  
  95  6:25  Ravager  
  99  6:26  Zergling x4  
  99  6:27  Zergling x2  
  99  6:29  Zergling x2  
  99  6:31  Roach  
  105  6:35  Zergling x2, Roach  
  105  6:38  Zergling x2  
  109  6:41  Roach  
  109  6:43  Roach  
  109  6:59  Roach  
  109  7:00  Roach  
  109  7:01  Roach x5  
  117  7:02  Zergling x2  
  110  7:09  Roach  
  110  7:11  Roach  
  110  7:13  Roach x2  
  110  7:14  Roach  
  109  7:18  Roach  
  109  7:22  Roach  
  97  7:24  Zergling x4  
  97  7:27  Drone x2  
  91  7:33  Drone x3  
  91  7:34  Drone x2  
  96  7:39  Lair  
  96  7:43  Evolution Chamber  
  95  7:45  Drone x2  
  95  7:48  Drone  
  95  7:49  Drone  
  92  8:07  Overlord, Drone x4  
  92  8:08  Drone x2  
  92  8:09  Zerg Missile Weapons Level 1  
  92  8:10  Drone x2  
  92  8:12  Extractor, Drone x2  
  101  8:13  Drone  
  101  8:15  Extractor x2  
  101  8:17  Ravager  
  101  8:18  Ravager x2  
  103  8:26  Overlord, Roach x4  
  111  8:29  Queen  
  111  8:33  Overlord  
  113  8:42  Glial Reconstitution  
  113  8:44  Roach x3  
  113  8:45  Roach  
  113  8:46  Roach  
  123  8:49  Roach x2  
  123  8:52  Roach  
  123  8:54  Roach x2  
  133  8:58  Roach x2  
  133  9:00  Roach  
  139  9:04  Roach  
  139  9:05  Roach  
  139  9:07  Roach  
  139  9:09  Zergling x2, Overlord  
  146  9:11  Overlord  
  146  9:14  Overlord  
  146  9:26  Roach x2  
  146  9:27  Roach x4  
  146  9:30  Roach  
  156  9:32  Ravager x2  
  156  9:34  Ravager  
  156  9:35  Roach  
  165  9:38  Roach x3  
  165  9:39  Zergling x2  
  165  9:42  Roach  
  170  9:50  Overlord x3  
  164  10:01  Roach x2  
  164  10:02  Roach x2  
  164  10:03  Roach  
  164  10:06  Roach x2  
  164  10:07  Roach  
Tags
 
Add a new tag
Caveats
  • Supply blocks, unpowered buildings, or Contaminate may cause inaccurate times.
  • Supply counts are checked every 10 seconds.